 Dungeon Crawl Stone Soup version 0.31-a0-1496-g79c7dd0eeb (webtiles) character file.

Game seed: 12211700608022384517

423022 Dragula the Wrestler (level 22, -6/231 (249) HPs)
             Began as a Troll Fighter on Dec 29, 2023.
             Was an Elder of Okawaru.
             Mangled by Grunn
             ... wielding a +9 bardiche of draining
              (16 damage)
             ... on level 2 of the Depths on Dec 30, 2023.
             The game lasted 01:49:10 (51514 turns).

Dragula the Wrestler (Troll Fighter)               Turns: 51514, Time: 01:49:11

HP:   -6/231 (249)  AC: 27    Str: 40      XL:     22   Next: 69%
MP:   26/26         EV: 13    Int: 10 (11) God:    Okawaru [****..]
Gold: 5584          SH: 18    Dex: 10      Spells: 21/21 levels left

rFire   . .          .
                       - Unarmed
rCold   . . .        o - +0 kite shield {rC+}
rNeg    . . .        S - +2 shadow dragon scales
rPois   .            (helmet restricted)
rElec   .            c - +2 cloak {rCorr}
rCorr   +            (gloves unavailable)
SInv    +            (boots unavailable)
Will    +....        i - amulet of reflection
Stlth   ++++         b - ring of fire
HPRegen 1.38/turn    Z - ring "Coadas" {rF- Int+8 Slay+6 SInv}
MPRegen 0.20/turn

%: reflection
@: about to teleport, heroic, drained
A: large, unfitting armour, claws 3, regeneration 1, shaggy fur 1, tough skin 1,
deterioration 1, strong 1
}: 2/15 runes: decaying, gossamer
a: Renounce Religion, Heroism, Finesse


You were on level 2 of the Depths.
You worshipped Okawaru.
Okawaru was greatly pleased with you.
You visited 8 branches of the dungeon, and saw 39 of its levels.
You also visited: Bailey, Gauntlet, Ice Cave, Volcano and Desolation.

You collected 8221 gold pieces.
You spent 2637 gold pieces at shops.

Inventory:

Missiles
 j - 39 large rocks (quivered)
Armour
 c - a +2 cloak of preservation (worn)
 o - a +0 kite shield of cold resistance (worn)
 S - +2 shadow dragon scales (worn)
Jewellery
 b - a ring of fire (left claw)
 f - a +5 ring of evasion
 g - an amulet of the acrobat
 i - an amulet of reflection (around neck)
 l - the ring "Upuell" {rElec rF- Str+6 Int+2 Dex+6}
   (You took it off a deep elf death mage on level 3 of the Elven Halls)

   [ring of dexterity]

   Str+6:     It affects your strength (+6).
   Int+2:     It affects your intelligence (+2).
   Dex+6:     It affects your dexterity (+6).
   rF-:       It makes you vulnerable to fire.
   rElec:     It insulates you from electricity.
 s - the ring "Senyel" {rElec rN+}
   (You bought it in a shop on level 2 of the Orcish Mines)

   [ring of positive energy]

   rElec:     It insulates you from electricity.
   rN+:       It protects you from negative energy.
 A - a +4 ring of slaying
 E - the ring of Xeaguamoh {rN+ rCorr Str+2}
   (You took it off a deep elf high priest on level 3 of the Elven Halls)

   [ring of resist corrosion]

   Str+2:     It affects your strength (+2).
   rN+:       It protects you from negative energy.
   rCorr:     It protects you from acid and corrosion.
 J - a +4 ring of protection
 L - a ring of poison resistance
 M - the amulet of the Soft Apricot {RegenMP rC+++ Int+3 Dex-4}
   (You took it off a deep elf annihilator on level 3 of the Elven Halls)

   [amulet of magic regeneration]

   RegenMP:   It increases your rate of magic regeneration.
   Int+3:     It affects your intelligence (+3).
   Dex-4:     It affects your dexterity (-4).
   rC+++:     It renders you almost immune to cold.
 P - a ring of positive energy
 Q - the ring "Voti" {rC+++ Will+ AC+4 Str+2 Int-3}
   (You found it in the Desolation of Salt)

   [ring of protection]

   AC+4:      It affects your AC (+4).
   Str+2:     It affects your strength (+2).
   Int-3:     It affects your intelligence (-3).
   rC+++:     It renders you almost immune to cold.
   Will+:     It increases your willpower.
 U - the ring "Saoheov" {rC++ rN+ Str+3 Dex-3}
   (You found it in the Desolation of Salt)

   [ring of positive energy]

   Str+3:     It affects your strength (+3).
   Dex-3:     It affects your dexterity (-3).
   rC++:      It greatly protects you from cold.
   rN+:       It protects you from negative energy.
 Y - a ring of protection from cold
 Z - the ring "Coadas" (right claw) {rF- Int+8 Slay+6 SInv}
   (You found it in the Desolation of Salt)

   [ring of see invisible]

   Int+8:     It affects your intelligence (+8).
   Slay+6:    It affects your accuracy & damage with ranged weapons and melee
   (+6).
   rF-:       It makes you vulnerable to fire.
   SInv:      It lets you see invisible.
Talismans
 d - a dragon-blood talisman
 u - the serpent talisman of the Zebra {rC+}
   (You took it off Aizul on level 1 of the Spider Nest)

   [serpent talisman]

   rC+:       It protects you from cold.
 G - a granite talisman
Wands
 n - a wand of paralysis (35)
 t - a wand of digging (28)
 y - a wand of flame (105)
 B - a wand of iceblast (37)
 H - a wand of polymorph (11)
 I - a wand of acid (22)
 T - a wand of mindburst (41)
Scrolls
 e - 7 scrolls of teleportation
 h - 3 scrolls of fog
 v - 31 scrolls of identify
 D - a scroll of silence
 F - 5 scrolls of amnesia
 K - a scroll of immolation
 V - a scroll of enchant weapon
 W - a scroll of torment
Potions
 a - 2 potions of berserk rage
 k - 5 potions of attraction
 m - 7 potions of cancellation
 p - 5 potions of lignification
 q - 17 potions of ambrosia
 r - 8 potions of enlightenment
 w - 7 potions of mutation
 x - 4 potions of heal wounds
 z - 5 potions of degeneration
 C - 2 potions of curing
 N - 3 potions of magic
 O - 4 potions of haste
 R - 2 potions of invisibility
 X - 5 potions of brilliance


   Skills:
 - Level 20.6(25.6) Fighting
 - Level 8.4(13.4) Throwing
 - Level 12.9(17.9) Armour
 - Level 13.0(18.0) Dodging
 - Level 11.1(16.1) Shields
 - Level 22.4(27) Unarmed Combat
 - Level 7.2 Invocations
 + Level 9.7 Shapeshifting


You had 21 spell levels left.
You didn't know any spells.
Your spell library contained the following spells:

 Spells                   Type           Power      Damage    Failure   Level
 Apportation              Tloc           0%         N/A       71%         1
 Foxfire                  Conj/Fire      0%         2x1d4     71%         1
 Kiss of Death            Conj/Necr      0%         2d5       71%         1
 Necrotise                Necr           0%         1d4       71%         1
 Sandblast                Erth           0%         2d4       71%         1
 Shock                    Conj/Air       0%         1d3       71%         1
 Slow                     Hex            0%         N/A       71%         1
 Sting                    Conj/Alch      0%         1d3       71%         1
 Blink                    Tloc           0%         N/A       85%         2
 Ensorcelled Hibernation  Hex/Ice        0%         N/A       85%         2
 Jinxbite                 Hex            0%         N/A       85%         2
 Lesser Beckoning         Tloc           0%         N/A       85%         2
 Mercury Vapours          Alch/Air       0%         N/A       85%         2
 Momentum Strike          Conj/Tloc      0%         3d8       85%         2
 Scorch                   Fire           0%         2d5       85%         2
 Static Discharge         Conj/Air       0%         3-3/arc   85%         2
 Sublimation of Blood     Necr           0%         N/A       85%         2
 Confusing Touch          Hex            0%         N/A       97%         3
 Dazzling Flash           Conj/Hex       0%         N/A       97%         3
 Fugue of the Fallen      Necr           0%         N/A       97%         3
 Gell's Gravitas          Tloc           0%         N/A       97%         3
 Mephitic Cloud           Conj/Alch/Air  0%         N/A       97%         3
 Ozocubu's Armour         Ice            0%         N/A       97%         3
 Passwall                 Erth           0%         N/A       97%         3
 Sigil of Binding         Hex            0%         N/A       97%         3
 Stone Arrow              Conj/Erth      0%         3d7       97%         3
 Swiftness                Air            0%         N/A       97%         3
 Teleport Other           Tloc           0%         N/A       97%         3
 Vampiric Draining        Necr           0%         2d6       97%         3
 Volatile Blastmotes      Fire/Tloc      0%         2d10      97%         3
 Anguish                  Hex/Necr       0%         N/A       100%        4
 Brom's Barrelling Bould  Conj/Erth      0%         2d3       100%        4
 Cause Fear               Hex            0%         N/A       100%        4
 Flame Wave               Conj/Fire      0%         2d4       100%        4
 Fulminant Prism          Conj/Alch      0%         3d5       100%        4
 Ignite Poison            Fire/Alch      0%         N/A       100%        4
 Iskenderun's Mystic Bla  Conj/Tloc      0%         2d3       100%        4
 Leda's Liquefaction      Alch/Erth      0%         N/A       100%        4
 Passage of Golubria      Tloc           0%         N/A       100%        4
 Petrify                  Alch/Erth      0%         N/A       100%        4
 Sticky Flame             Fire/Alch      0%         2d4       100%        4
 Vhi's Electric Charge    Tloc/Air       0%         N/A       100%        4
 Arcjolt                  Conj/Air       0%         1d10      100%        5
 Curse of Agony           Necr           0%         N/A       100%        5
 Fireball                 Conj/Fire      0%         3d3       100%        5
 Freezing Cloud           Conj/Ice/Air   0%         6-21      100%        5
 Irradiate                Conj/Alch      0%         3d11      100%        5
 Lee's Rapid Deconstruct  Erth           0%         3d4*      100%        5
 Metabolic Englaciation   Hex/Ice        0%         N/A       100%        5
 Silence                  Hex/Air        0%         N/A       100%        5
 Yara's Violent Unravell  Hex/Alch       0%         3d3       100%        5
 Bombard                  Conj/Erth      0%         9d1       100%        6
 Plasma Beam              Fire/Air       0%         2x1d10    100%        6
 Starburst                Conj/Fire      0%         6d3       100%        6
 Enfeeble                 Hex            0%         N/A       100%        7
 Ignition                 Fire           0%         3d3       100%        8
 Lehudib's Crystal Spear  Conj/Erth      0%         10d2      100%        8
 Maxwell's Capacitive Co  Air            0%         ∞         100%        8
 Shatter                  Erth           0%         3d5*      100%        9
 Summon Small Mammal      Summ           Unusable   N/A       N/A         1
 Summon Ice Beast         Ice/Summ       Unusable   N/A       N/A         3
 Tukima's Dance           Hex            Unusable   N/A       N/A         3
 Martyr's Knell           Necr/Summ      Unusable   N/A       N/A         4
 Sculpt Simulacrum        Ice/Alch       Unusable   N/A       N/A         6
 Summon Cactus Giant      Summ           Unusable   N/A       N/A         6

Dungeon Overview and Level Annotations

Branches:
Dungeon (15/15)            Temple (0/1) D:7            Lair (5/5) D:8
  Swamp (4/4) Lair:2       Spider (4/4) Lair:2        Slime (0/5) Lair:5
    Orc (2/2) D:11            Elf (3/3) Orc:2        Vaults (4/5) D:13
  Crypt (0/3) Vaults:2     Depths (2/4) D:15         Bailey (visited)
  IceCv (visited)         Volcano (visited)         Desolation (visited)
Gauntlet (visited)

Altars:
Ashenzari
Cheibriados
Dithmenos
Elyvilon
Kikubaaqudgha
Makhleb
Okawaru
Sif Muna
Uskayaw
Vehumet
Yredelemnul
Zin
The Shining One
Jiyva

Shops:
D:9 *   D:13 =   Orc:2 =[[!   Elf:1 [   Elf:3 (   Vaults:3 *   Depths:2 [

Portals:
Hell: Depths:1 Depths:2
Abyss: Depths:1
Pandemonium: Depths:1 Depths:2
Trove: D:15 (give +4 demon trident)

Annotations:
Elf:3 exclusion: orange crystal statue, Roxanne
Depths:2 Grunn


Innate Abilities, Weirdness & Mutations

You are too large for most types of armour.
You have claws for hands.
Your natural rate of healing is unusually fast.
You are covered in fur. (AC +1)
You have tough skin. (AC +1)
Your body sometimes deteriorates upon taking damage.
Your muscles are strong. (Str +4, Int/Dex -1)


Message History

You scratch the doom hound.
The doom hound is lightly wounded.
You block Grunn's attack.
A tormentor comes into view.
You eviscerate the doom hound!!!!
The doom hound is severely wounded.
The doom hound misses you. You block the doom hound's attack.
You eviscerate the doom hound!!!
You kill the doom hound!
Okawaru accepts your kill. Grunn closely misses you.
The tormentor says, "I am all your nightmares come true."
The tormentor hits you but does no damage.
The tormentor hits you.
You writhe in agony.
You closely miss the tormentor. The tormentor closely misses you.
You block the tormentor's attack. Grunn barely misses you.
You closely miss the tormentor.
The infernal howling subsides.
The frost giant casts a spell at you. The bolt of cold hits you!!
You scratch the tormentor but do no damage.
The tormentor calls on the powers of darkness!
The frost giant convulses!
Your body is wracked with pain!
Your body deteriorates!
You feel dopey.
The fire dragon convulses!
The ice dragon convulses!
Grunn hits you from afar with a +9 bardiche of draining!
You feel drained.
Unknown command.
Unknown command.
As you read the scroll of teleportation, it crumbles to dust.
You feel strangely unstable. The frost giant casts a spell at you.
The bolt of cold hits you!!
* * * LOW HITPOINT WARNING * * *
The tormentor hits you but does no damage.
You block the tormentor's attack.
Grunn hits you from afar with a +9 bardiche of draining!!!
* * * LOW HITPOINT WARNING * * *
You feel drained.
You die...

##)### #......#..≈...#
#..# ##.....#∩§≈.... #..#
##....#.≈..... #..#
##:.##.≈..... #..#
##.#..≈..... #..#
###..≈.†§.. #..#
#..≈≈.... #..# ####
##..≈≈... #..# #.@##
##..≈≈.. #..# ##2C##
..##..≈≈. ##'### ##gD##
#...##..≈≈
#...[#####D)###.....##...
#.†..#........'hC....+..≈
#....[........'......##..
#....########.....$.. ##.
###### ##....... ##
....... #


You could see Grunn, a frost giant, a fire dragon, an ice dragon and a
tormentor.

Vanquished Creatures
  Mara (Vaults:2)
  A caustic shrike (Depths:2)
  Norris (Elf:3)
  Arachne (Spider:2)
  2 doom hounds (Depths:2)
  A tentacled monstrosity (Swamp:3)
  2 liches
  2 deep elf blademasters (Elf:3)
  Asterion (Elf:3)
  5 sphinxes
  2 deep elf master archers (Elf:3)
  Aizul (Spider:1)
  2 tengu reavers
  A thorn hunter (Swamp:3)
  Donald (Vaults:1)
  An azure jelly (Lair:4)
  An iron dragon (Depths:1)
  2 imperial myrmidons (Desolation)
  3 frost giants
  2 deep elf elementalists (Elf:3)
  6 deep elf sorcerers
  13 vault wardens
  2 emperor scorpions (Spider:4)
  3 ghouls (Swamp:1)
  An orc warlord (Vaults:3)
  3 ghost moths
  4 reapers (IceCv)
  4 very ugly things
  A spriggan defender (Depths:2)
  15 ironbound preservers
  2 broodmothers (Spider:4)
  2 formless jellyfish (Vaults:1)
  A vampire knight (Vaults:2)
  5 deep elf death magi (Elf:3)
  6 ironbound thunderhulks
  5 eleionomae
  7 stone giants
  3 deep elf demonologists (Elf:3)
  A putrid mouth (Depths:2)
  7 spark wasps
  A halazid warlock (Desolation)
  6 dire elephants
  8 deep elf annihilators
  A minotaur (Gauntlet)
  5 war gargoyles
  2 bunyips
  6 ettins
  Snorg (D:11)
  A green death (Depths:1)
  4 fire dragons
  2 shambling mangroves
  Josephine (Lair:4)
  A deep elf high priest (Elf:3)
  6 entropy weavers
  5 vault guards
  Fannar (D:10)
  9 great orbs of eyes
  4 ice dragons
  Erolcha (D:12)
  3 ghost crabs
  7 ragged hierophants (Desolation)
  10 yaktaur captains
  6 servants of whispers
  3 rakshasas
  A spriggan air mage (Depths:2)
  2 radroaches
  2 caustic shrike simulacra (IceCv)
  10 alligators
  A catoblepas (Lair:2)
  8 peacekeepers
  13 centaur warriors
  3 ogre magi
  9 boulder beetles
  7 ironbound frosthearts
  22 hydras
  2 jorogumos
  The ghost of TobyConnect the Zephyrmancer, a journeyman OpAE of Gozag (D:11)
  An anaconda (Swamp:4)
  38 dancing weapons
  A tengu warrior (Depths:2)
  A vampire mage (Depths:2)
  14 demonic crawlers
  10 death scarabs
  4 spriggan berserkers
  8 deep troll earth magi
  An occultist (D:15)
  A sun demon (Depths:1)
  6 deep troll shamans
  10 deep elf knights
  A hell knight (Depths:2)
  Sonja (D:13)
  A soul eater (Depths:1)
  Nergalle (D:11)
  A fire crab (Lair:5)
  2 sixfirhies
  Amaemon (D:11)
  3 iron trolls
  7 pharaoh ants
  46 deep trolls
  4 skysharks
  5 goliath frogs
  10 skeletal warriors
  3 large abominations (Gauntlet)
  14 orb spiders
  14 bog bodies
  A glowing orange brain (Depths:2)
  3 spriggan druids
  2 spectral jorogumos (Spider:4)
  2 spriggan simulacra (IceCv)
  13 lindwurms
  4 steelbarb worms (Spider:2)
  10 deep elf archers
  18 ironbound convokers
  13 swamp dragons
  8 arcanists
  3 spectral wolf spiders (Spider:4)
  3 sun moths
  A spectral hydra (Gauntlet)
  8 orc knights
  2 obsidian statues (IceCv)
  Pikel (D:7)
  A wolf spider (shapeshifter) (Elf:3)
  4 necromancers
  30 deep elf pyromancers
  11 orc sorcerers
  18 ugly things
  23 deep elf zephyrmancers
  A harpy (Vaults:1)
  A broodmother zombie (Spider:4)
  18 wolf spiders
  6 meliai
  3 will-o-the-wisps
  3 cyclopes
  4 manticores
  3 human skeletons
  3 moths of wrath
  42 slime creatures
  7 black mambas
  8 molten gargoyles
  A centaur zombie (D:15)
  2 guardian serpents
  An orange demon (D:11)
  3 torpor snails
  15 vault sentinels
  8 spectral spriggans (Swamp:1)
  22 elephants
  3 gargoyles
  A redback zombie (Spider:4)
  9 cane toads
  5 efreet
  An unseen horror (D:12)
  A yaktaur zombie (Vaults:2)
  3 freezing wraiths
  21 komodo dragons
  An anaconda simulacrum (IceCv)
  5 spectral redbacks (Spider:4)
  A centaur skeleton (D:15)
  A tormentor (Depths:2)
  4 rime drakes
  35 yaktaurs
  2 golden dragon simulacra (IceCv)
  An ice devil (IceCv)
  A bloated husk (Swamp:1)
  3 tengu conjurers
  A harpy zombie (D:15)
  12 hornets
  2 polar bears (Lair:3)
  A polar bear (shapeshifter) (D:15)
  A queen bee (D:10)
  10 tyrant leeches
  2 spectral culicivoras (Spider:4)
  A tarantella zombie (Spider:4)
  6 trolls
  A glass eye (shapeshifter) (Elf:1)
  2 jumping spider zombies (Spider:4)
  A glass eye (Depths:2)
  3 spectral tarantellas (Spider:4)
  29 tarantellas
  53 saltlings
  A blink frog (shapeshifter) (D:15)
  2 raiju (shapeshifter)
  30 blink frogs
  A fire giant simulacrum (Vaults:2)
  33 jumping spiders
  2 stone giant simulacra (Vaults:2)
  A water elemental (Depths:2)
  3 air elementals
  4 vampires
  31 culicivoras
  6 wraiths
  14 wyverns
  2 dire elephant simulacra (IceCv)
  4 basilisks
  12 spriggans
  49 yaks
  5 wargs
  9 fire elementals
  4 fire bats (Depths:2)
  A human simulacrum (Vaults:4)
  27 vampire mosquitoes
  A steam dragon (D:7)
  46 redbacks
  Menkaure (D:6)
  An elf skeleton (Vaults:4)
  19 swamp worms
  2 acid dragons
  5 hydra simulacra (IceCv)
  14 water moccasins
  Duvessa (D:5)
  14 orc warriors
  5 hell hounds (Lair:5)
  3 swamp drakes (Swamp:4)
  2 black bears
  2 ettin simulacra (IceCv)
  14 ogres
  13 wolves (Lair:1)
  5 small abominations (Gauntlet)
  6 centaurs
  3 phantoms
  A lemure (D:7)
  Blork the orc (D:6)
  19 bullfrogs
  10 kobold brigands
  3 earth elementals
  3 gnoll sergeants
  3 scorpions
  8 wights
  Dowan (D:5)
  34 killer bees
  3 howler monkeys
  An electric eel (D:8)
  A bombardier beetle (D:3)
  5 lava snakes (Lair:5)
  3 sleepcaps
  Crazy Yiuf (D:3)
  3 gnoll boudas
  12 orc priests
  2 hounds
  11 jellies
  Jessica (D:3)
  2 hell rats (Lair:2)
  3 iguanas
  39 orc wizards
  34 gnolls
  5 adders
  6 river rats (Lair:2)
  A shadow imp (D:6)
  A white imp (D:7)
  3 ufetubi (Gauntlet)
  2 worms
  A dart slug (D:5)
  54 orcs
  4 endoplasms
  3 giant cockroaches
  7 goblins
  7 hobgoblins
  7 jackals
  5 quokkas
  8 ball pythons
  3 bats
  A frilled lizard (D:1)
  35 kobolds
  9 rats
1825 creatures vanquished.

Vanquished Creatures (others)
  A deep elf pyromancer (Elf:1)
  A tyrant leech (Swamp:3)
  2 bloated husks
  A human (D:6)
  10 foxfires
15 creatures vanquished.

Grand Total: 1840 creatures vanquished

Notes
Turn   | Place    | Note
-------+----------+-------------------------------------------
     0 | D:1      | Dragula the Troll Fighter began the quest for the Orb.
     0 | D:1      | Reached XP level 1. HP: 22/22 MP: 0/0
   313 | D:1      | Reached XP level 2. HP: 29/29 MP: 1/1
   833 | D:1      | Reached skill level 3 in Unarmed Combat
   833 | D:1      | Reached XP level 3. HP: 36/36 MP: 2/2
  1209 | D:2      | Reached XP level 4. HP: 38/44 MP: 3/3
  2630 | D:3      | Noticed Jessica
  2632 | D:3      | Killed Jessica
  2633 | D:3      | Reached skill level 4 in Unarmed Combat
  2633 | D:3      | Reached XP level 5. HP: 52/52 MP: 4/4
  2754 | D:3      | Found a runed translucent door.
  2755 | D:3      | Noticed Crazy Yiuf
  2883 | D:3      | Killed Crazy Yiuf
  2952 | D:4      | Noticed an ogre
  3024 | D:4      | Reached XP level 6. HP: 57/61 MP: 5/5
  3233 | D:4      | Reached skill level 5 in Unarmed Combat
  3679 | D:5      | Entered Level 5 of the Dungeon
  3728 | D:5      | Found a snail-covered altar of Cheibriados.
  3731 | D:5      | Reached XP level 7. HP: 68/68 MP: 6/6
  3751 | D:5      | Noticed a yak
  3753 | D:5      | Noticed a yak
  3755 | D:5      | Noticed a yak
  3757 | D:5      | Noticed a yak
  3767 | D:5      | Killed a yak
  3768 | D:5      | Reached skill level 6 in Unarmed Combat
  3776 | D:5      | Killed a yak
  3780 | D:5      | Killed a yak
  3781 | D:5      | Reached skill level 5 in Shields
  3784 | D:5      | Killed a yak
  3785 | D:5      | Reached skill level 7 in Unarmed Combat
  3785 | D:5      | Reached XP level 8. HP: 34/79 MP: 7/7
  4000 | D:5      | Found a basalt altar of Yredelemnul.
  4069 | D:5      | Found an iron altar of Okawaru.
  4075 | D:5      | Became a worshipper of Warmaster Okawaru
  4110 | D:5      | Noticed Duvessa
  4111 | D:5      | Noticed Dowan
  4257 | D:5      | Killed Duvessa
  4309 | D:5      | Found a white marble altar of Elyvilon.
  4342 | D:5      | Reached skill level 8 in Unarmed Combat
  4452 | D:5      | Reached skill level 5 in Fighting
  4509 | D:5      | Killed Dowan
  4570 | D:5      | Reached * piety under Okawaru
  4703 | D:6      | Reached XP level 9. HP: 88/88 MP: 8/8
  4930 | D:6      | Reached skill level 9 in Unarmed Combat
  4988 | D:6      | Noticed Menkaure
  4992 | D:6      | Killed Menkaure
  5132 | D:6      | Noticed Blork the orc
  5153 | D:6      | Killed Blork the orc
  5292 | D:6      | Noticed a troll
  5301 | D:6      | Killed a troll
  5302 | D:6      | Reached skill level 10 in Unarmed Combat
  5392 | D:6      | Found an ancient bone altar of Kikubaaqudgha.
  5829 | D:7      | Found a staircase to the Ecumenical Temple.
  6319 | D:7      | Reached ** piety under Okawaru
  6446 | D:7      | Reached skill level 11 in Unarmed Combat
  6607 | D:7      | Noticed Pikel
  6616 | D:7      | Killed Pikel
  6617 | D:7      | Reached XP level 10. HP: 94/100 MP: 6/9
  6680 | D:7      | Found a hide-covered altar of Uskayaw.
  6837 | D:8      | Found the +7 captain's cutlass {speed, disarm}
  6995 | D:7      | Reached skill level 12 in Unarmed Combat
  7036 | D:8      | Found a broken altar of Ashenzari.
  7064 | D:8      | Found a staircase to the Lair.
  7187 | D:8      | Found a glowing silver altar of Zin.
  7710 | D:9      | Reached skill level 13 in Unarmed Combat
  7736 | D:9      | Found Liattoinn's Overcharged Wands.
  7823 | D:9      | Found a shadowy altar of Dithmenos.
  7874 | D:9      | Found a flagged portal.
  7885 | Bailey   | Entered a bailey
  7970 | Bailey   | Reached *** piety under Okawaru
  7986 | Bailey   | Noticed an orc knight
  7998 | Bailey   | Reached XP level 11. HP: 99/111 MP: 8/10
  8008 | Bailey   | Killed an orc knight
  8015 | Bailey   | Found a burning altar of Makhleb.
  8036 | Bailey   | Identified the +0 robe "Estaep" {*Slow rPois rC++}
  8161 | D:10     | Entered Level 10 of the Dungeon
  8223 | D:10     | Found a burning altar of Makhleb.
  8377 | D:10     | Noticed Fannar
  8393 | D:10     | Killed Fannar
  8769 | D:10     | Reached skill level 14 in Unarmed Combat
  9203 | D:10     | Identified a scroll of acquirement
  9203 | D:10     | Acquired 1015 gold pieces
  9257 | D:10     | Found a glowing golden altar of the Shining One.
  9354 | Lair:1   | Entered Level 1 of the Lair of Beasts
  9421 | Lair:1   | Reached skill level 1 in Invocations
  9453 | Lair:1   | Reached **** piety under Okawaru
  9594 | Lair:1   | Reached skill level 15 in Unarmed Combat
  9768 | Lair:1   | Reached XP level 12. HP: 116/122 MP: 13/13
  9943 | Lair:1   | Reached ***** piety under Okawaru
 10267 | Lair:1   | Reached skill level 1 in Throwing
 11096 | Lair:2   | Found the sphere of Battle
 11157 | Lair:2   | Noticed a six-headed hydra
 11159 | Lair:2   | Killed a seven-headed hydra
 11160 | Lair:2   | Reached skill level 5 in Invocations
 11190 | Lair:2   | Found a staircase to the Swamp.
 11191 | Lair:2   | Noticed an eight-headed hydra
 11194 | Lair:2   | Killed a nine-headed hydra
 11290 | Lair:2   | Received a gift from Okawaru
 11561 | Lair:2   | Found a hole to the Spider Nest.
 11652 | Lair:2   | Noticed a catoblepas
 11658 | Lair:2   | Killed a catoblepas
 11843 | Lair:3   | Noticed a four-headed hydra
 11856 | Lair:3   | Reached skill level 5 in Throwing
 11861 | Lair:3   | Killed a five-headed hydra
 11884 | Lair:3   | Reached XP level 13. HP: 126/128 MP: 14/17
 12164 | Lair:3   | Identified the +10 sling of Buawokk {flame, rC+ Str+3
                  | Dex+2}
 12530 | Lair:4   | You fall into a shaft and drop 1 floor!
 12530 | Lair:5   | Entered Level 5 of the Lair of Beasts
 12603 | Lair:5   | Received a gift from Okawaru
 12636 | Lair:5   | Reached skill level 16 in Unarmed Combat
 12730 | Lair:5   | Found a staircase to the Slime Pits.
 12730 | Lair:5   | Found a viscous altar of Jiyva.
 13011 | Lair:5   | Reached skill level 10 in Fighting
 13211 | Lair:5   | Received a gift from Okawaru
 13517 | Lair:5   | Reached XP level 14. HP: 124/143 MP: 15/18
 13841 | Lair:5   | Found a large runed translucent door.
 13841 | Lair:5   | Found a large runed translucent door.
 14363 | Lair:4   | Reached skill level 17 in Unarmed Combat
 14378 | Lair:4   | Noticed Josephine
 14395 | Lair:4   | Killed Josephine
 14786 | Lair:4   | Noticed an azure jelly
 14799 | Lair:4   | Killed an azure jelly
 15197 | D:11     | Noticed Snorg
 15212 | D:11     | Killed Snorg
 15468 | D:11     | Noticed Amaemon
 15476 | D:11     | Killed Amaemon
 15547 | D:11     | Found a runed translucent gate.
 15547 | D:11     | Found a runed translucent gate.
 15547 | D:11     | Found a runed translucent gate.
 15553 | D:11     | Noticed TobyConnect's ghost (journeyman OpAE)
 15574 | D:11     | Found the +8 frozen axe "Frostbite" {freeze, freezing
                  | cloud, *Noise Fly rC+}
 15575 | D:11     | Found a viscous altar of Jiyva.
 15684 | D:11     | Found a staircase to the Orcish Mines.
 15706 | D:11     | Noticed Nergalle
 15712 | D:11     | Killed Nergalle
 16207 | D:11     | Killed TobyConnect's ghost
 16995 | D:12     | Noticed Erolcha
 17000 | D:12     | Killed Erolcha
 17465 | Orc:1    | Entered Level 1 of the Orcish Mines
 17987 | Orc:2    | Entered Level 2 of the Orcish Mines
 18012 | Orc:2    | Reached skill level 18 in Unarmed Combat
 18114 | Orc:2    | Found a staircase to the Elven Halls.
 18157 | Orc:2    | Reached XP level 15. HP: 123/156 MP: 19/19
 18166 | Orc:2    | Found a dark tunnel.
 18207 | Volcano  | Entered a volcano
 18596 | Volcano  | HP: 10/234 [something (16)]
 18597 | Volcano  | HP: 2/234 [something (8)]
 19169 | Orc:2    | Found a radiant altar of Vehumet.
 19211 | Orc:2    | Found Ydaos's Antique Armour Shoppe.
 19236 | Orc:2    | Paralysed by something for 2 turns
 19241 | Orc:2    | Found an ancient bone altar of Kikubaaqudgha.
 19305 | Orc:2    | Found Vimi's Jewellery Emporium.
 19320 | Orc:2    | Gained mutation: Your muscles are strong. (Str +4, Int/Dex
                  | -1) [a neqoxec]
 19399 | Orc:2    | Found Vimi's Distillery.
 19401 | Orc:2    | Gained mutation: Your body sometimes deteriorates upon
                  | taking damage. [a neqoxec]
 19406 | Orc:2    | Found Xellifof's Antique Armour Emporium.
 19752 | Orc:2    | Bought a runed kite shield for 255 gold pieces
 20319 | D:13     | Found Umethoh's Jewellery Emporium.
 20635 | D:13     | Noticed Sonja
 20644 | D:13     | Killed Sonja
 20863 | D:13     | Found a gate to the Vaults.
 20989 | D:14     | Found a gate leading to a gauntlet.
 21005 | Gauntlet | Entered a Gauntlet
 21005 | Gauntlet | Found a transporter.
 21005 | Gauntlet | Found a transporter.
 21005 | Gauntlet | Found a transporter.
 21006 | Gauntlet | Found a transporter.
 21010 | Gauntlet | Found a transporter.
 21070 | Gauntlet | Found a transporter.
 21070 | Gauntlet | Found a transporter.
 21093 | Gauntlet | Found a transporter.
 21139 | Gauntlet | Found a transporter.
 22025 | D:14     | Found a shimmering blue altar of Sif Muna.
 22220 | D:15     | Entered Level 15 of the Dungeon
 22323 | D:15     | Reached skill level 19 in Unarmed Combat
 22680 | D:15     | Reached XP level 16. HP: 170/170 MP: 18/20
 22701 | D:15     | Found a staircase to the Depths.
 22990 | D:15     | Found a portal to a secret trove of treasure.
 23289 | Swamp:1  | Entered Level 1 of the Swamp
 23385 | Swamp:1  | Received a gift from Okawaru
 23386 | Swamp:1  | Reached skill level 5 in Dodging
 23917 | Swamp:1  | Identified the +1 helmet "Bepoof" {rC+}
 24151 | Swamp:1  | Received a gift from Okawaru
 26069 | Swamp:3  | Reached skill level 1 in Armour
 26177 | Swamp:3  | Reached skill level 20 in Unarmed Combat
 26536 | Swamp:4  | Entered Level 4 of the Swamp
 26675 | Swamp:4  | Reached XP level 17. HP: 175/182 MP: 19/21
 27306 | Swamp:4  | Noticed a tentacled monstrosity
 27319 | Swamp:3  | Killed a tentacled monstrosity
 27524 | Swamp:4  | Got a decaying rune of Zot
 28332 | Spider:1 | Entered Level 1 of the Spider Nest
 28792 | Spider:1 | Reached skill level 15 in Fighting
 28936 | Spider:1 | Reached skill level 5 in Armour
 28942 | Spider:1 | Identified the serpent talisman of the Zebra {rC+}
 28942 | Spider:1 | Noticed Aizul
 28951 | Spider:1 | Killed Aizul
 29765 | Spider:2 | Noticed Arachne
 29776 | Spider:2 | Killed Arachne
 29842 | Spider:2 | Reached skill level 21 in Unarmed Combat
 29885 | Spider:2 | Found a frozen archway.
 29893 | IceCv    | Entered an ice cave
 30076 | IceCv    | Received a gift from Okawaru
 30209 | IceCv    | Reached XP level 18. HP: 183/193 MP: 22/22
 31226 | Spider:3 | Found a runed translucent door.
 31381 | Spider:3 | Identified the scarf of Ickoeti {harm, rN+ Will+ Int-2}
 31624 | Spider:3 | Received a gift from Okawaru
 32087 | Spider:3 | Identified the +8 plate armour "Ustrie Yfoho" {Int+4}
 32147 | Spider:4 | Entered Level 4 of the Spider Nest
 32377 | Spider:4 | Received a gift from Okawaru
 32817 | Spider:4 | Reached skill level 22 in Unarmed Combat
 33630 | Spider:4 | Received a gift from Okawaru
 33756 | Spider:4 | Got a gossamer rune of Zot
 33848 | Spider:4 | Reached XP level 19. HP: 131/206 MP: 1/23
 34297 | Vaults:1 | Entered Level 1 of the Vaults
 34301 | Vaults:1 | Noticed Donald
 34309 | Vaults:1 | Killed Donald
 34733 | Vaults:1 | Identified the +11 battleaxe of Dragula's Death {venom,
                  | ^Contam Int+5 Stlth+}
 34820 | Vaults:1 | Paralysed by a sphinx for 5 turns
 34895 | Vaults:1 | Received a gift from Okawaru
 35154 | Vaults:1 | HP: 9/209 [lindwurm/blast of flame (35)]
 36493 | Vaults:2 | Paralysed by something for 4 turns
 36501 | Vaults:2 | Paralysed by something for 4 turns
 36506 | Vaults:2 | HP: 1/210 [something (20)]
 36791 | Vaults:2 | Found a staircase to the Crypt.
 37360 | Vaults:2 | Noticed Mara
 37361 | Vaults:2 | Noticed Dragula's illusion
 37370 | Vaults:2 | Killed Mara
 38285 | Vaults:2 | Reached XP level 20. HP: 194/220 MP: 21/24
 38897 | Vaults:3 | Reached skill level 10 in Dodging
 39069 | Vaults:3 | Found Vauxab's General Store.
 39077 | Vaults:3 | Bought a potion of heal wounds for 95 gold pieces
 39279 | Vaults:3 | Reached skill level 10 in Armour
 39413 | Vaults:3 | Received a gift from Okawaru
 39725 | Vaults:3 | You fall into a shaft and drop 1 floor!
 40762 | Vaults:4 | Received a gift from Okawaru
 40965 | Vaults:4 | Identified the +7 arbalest "Demonslayer" {flame, Int+2}
 42416 | Spider:1 | Acquired 836 gold pieces
 42818 | Orc:2    | Bought a potion of curing for 39 gold pieces
 42818 | Orc:2    | Bought a potion of curing for 39 gold pieces
 42818 | Orc:2    | Bought a potion of curing for 39 gold pieces
 42818 | Orc:2    | Bought a potion of curing for 39 gold pieces
 42818 | Orc:2    | Bought a potion of haste for 130 gold pieces
 42818 | Orc:2    | Bought a potion of lignification for 39 gold pieces
 42836 | Orc:2    | Bought the ring "Senyel" {rElec rN+} for 442 gold pieces
 43423 | Elf:1    | Entered Level 1 of the Elven Halls
 43550 | Elf:1    | Received a gift from Okawaru
 43848 | Elf:1    | Reached XP level 21. HP: 85/228 MP: 25/25
 44536 | Elf:1    | Received a gift from Okawaru
 44661 | Elf:1    | Found Riagun's Armour Shoppe.
 44669 | Elf:1    | Bought +0 shadow dragon scales for 1520 gold pieces
 45141 | Elf:2    | Found a crumbling gateway.
 45153 | Desolati | Entered the Desolation of Salt
 45228 | Desolati | Identified the +1 triple sword of Kytuss {freeze, rN+ Will-
                  | Dex+3}
 45233 | Desolati | Identified the +5 glaive "Concordance" {chaos, rF+ Stlth+}
 45234 | Desolati | Identified the ring "Voti" {rC+++ Will+ AC+4 Str+2 Int-3}
 45237 | Desolati | Identified the ring "Saoheov" {rC++ rN+ Str+3 Dex-3}
 45345 | Desolati | Got the Directory of Injury and the Fault
 45376 | Desolati | Identified the staff of Instinct {rF+ rN+ Fire}
 45417 | Desolati | Identified the ring "Coadas" {rF- Int+8 Slay+6 SInv}
 45671 | Desolati | Got Sif Muna's Thoughts on Star-crossed Hyperthermia
 45673 | Desolati | Got the Volume of Chilblains
 46039 | Elf:2    | Reached skill level 10 in Shields
 46044 | Elf:2    | Found a runed translucent gate.
 46045 | Elf:2    | Found a runed translucent gate.
 46045 | Elf:2    | Found a runed translucent gate.
 46116 | Elf:2    | Identified the flux talisman of Unbearable Knowledge {rF+}
 46245 | Elf:2    | Identified the +5 scimitar "Isti Eha" {venom, Fly Int+4}
 46769 | Elf:2    | Received a gift from Okawaru
 47109 | Elf:3    | Entered Level 3 of the Elven Halls
 47409 | Elf:3    | Found Plog's Weapon Shop.
 47467 | Elf:3    | Found the ring of the Hare {EV+10}
 47967 | Elf:3    | Noticed Roxanne
 48050 | Elf:3    | Noticed Asterion
 48058 | Elf:3    | Killed Asterion
 48301 | Elf:3    | Noticed Norris
 48314 | Elf:3    | Killed Norris
 48315 | Elf:3    | Reached XP level 22. HP: 240/249 MP: 19/26
 48421 | Elf:3    | Identified the amulet of the Soft Apricot {RegenMP rC+++
                  | Int+3 Dex-4}
 48450 | Elf:3    | Identified the +2 robe of Bexob {SInv}
 48450 | Elf:3    | Identified the ring "Upuell" {rElec rF- Str+6 Int+2 Dex+6}
 48452 | Elf:3    | Identified the ring of Xeaguamoh {rN+ rCorr Str+2}
 48728 | Elf:3    | Got Joxeuvar's Elucidation of the Viper
 48777 | Elf:3    | Got the Parchment of the Valley
 49333 | Depths:1 | Entered Level 1 of the Depths
 49342 | Depths:1 | Reached skill level 1 in Shapeshifting
 49377 | Depths:1 | Found a gateway to Hell.
 49632 | Depths:1 | Found a one-way gate to the infinite horrors of the Abyss.
 49864 | Depths:1 | Found a snail-covered altar of Cheibriados.
 49935 | Depths:1 | Found a one-way gate leading to the halls of Pandemonium.
 50114 | Depths:1 | Reached skill level 5 in Shapeshifting
 50422 | Depths:2 | Found Ynwous's Armour Shoppe.
 51386 | Depths:2 | Noticed a caustic shrike
 51398 | Depths:2 | Killed a caustic shrike
 51481 | Depths:2 | Noticed Grunn
 51514 | Depths:2 | HP: 10/245 [Grunn/+9 bardiche of draining (39)]
 51514 | Depths:2 | Mangled by Grunn

Illustrated notes

Levels and vault maps discovered:
D:1:      orjb1_clovarrival, layout_basic, serial_rivers,
          chequers_serial_rivers_large_b, chequers_serial_rivers_small_b,
          chequers_serial_rivers_small_a, chequers_serial_rivers_room_a
D:2:      layout_loops_corners, minmay_gold_behind_fungi
D:3:      layout_loops_corners, dk_noncrumbling_4, minmay_misc_feat_tower,
          chequers_serial_rivers_room_b, uniq_jessica, uniq_crazy_yiuf_cottage
D:4:      layout_rooms, serial_corexii_hall, corexii_hall_statues_t,
          corexii_hall_statues_x
D:5:      layout_gridville, mainiacjoe_overflow_small_starburst,
          lemuel_tele_altar, mainiacjoe_overflow_boulevard,
          mainiacjoe_overflow_alcove_4, kennysheep_pointless_box, minivault_4,
          uniq_duvessa
D:6:      layout_loops_cross, tgw_kikubaaqudgha, uniq_menkaure,
          uniq_blork_the_orc
D:7:      layout_gridville, mainiacjoe_overflow_catwalk, temple_fountains,
          minmay_between, uniq_pikel
D:8:      layout_loops_ring, mainiacjoe_overflow_cross_hatched,
          mainiacjoe_overflow_24_doors, minmay_lair_entry_grove,
          grunt_decor_arrowhead, serial_bayou_lagoon_a
D:9:      layout_cave_pools, grunt_dithmenos_smoke_and_mirrors, enter_bailey_2,
          nicolae_shop_overcharged_wands
D:10:     layout_gridville, lightli_temple_of_fire, kennysheep_mini_moat,
          special_room [special_room_bee], minmay_lindwurm_lava, uniq_fannar
D:11:     layout_irregular_city, david_orc_1_choice, gammafunk_ghost_ooze,
          minmay_crystal_room, uniq_snorg, uniq_amaemon, uniq_nergalle
D:12:     layout_layer_cave, uniq_erolcha
D:13:     layout_roguey, erik_vaults_1, serial_shops, shop, uniq_sonja
D:14:     layout_gridville, kennysheep_big_empty_room, gauntlet_entry_generic,
          led_sif_pool
D:15:     grunt_enter_depths_magical_seal, layout_basic,
          nicolae_trove_entry_diagonal, nicolae_sextant
Lair:1:   layout_cave_pods, serial_bayou_shore_b
Lair:2:   layout_regular_city, palyth_hydra_swamp_entry,
          hellmonk_spider_entry_life_and_decay, kennysheep_abandoned_house
Lair:3:   layout_misc_corridors, beast_lair_carwin_1, serial_bayou_shore_b,
          infiniplex_staircase_pool
Lair:4:   layout_loops_ring, nicolae_lair_lil_pond, nicolae_lair_time_for_slime,
          uniq_josephine
Lair:5:   cheibrodos_lair_end_hotspot, layout_regular_city, slime_entry_1,
          nicolae_quartered_pool_little
Swamp:1:  nicolae_swamp_flooded_prison, layout_falls_marsh,
          nicolae_swamp_oxbows, swamp_pool_1_2
Swamp:2:  layout_falls_marsh, evilmike_swamp_ruin_house_3
Swamp:3:  layout_basic_swamp, serial_swamp_ruin, evilmike_swamp_ruin_house_4,
          evilmike_swamp_ruin_house_5, hangedman_swamp_ruin_wall,
          infiniplex_staircase_pool_2
Swamp:4:  swamp_basic_johnstein, layout_basic_swamp, nicolae_swamp_snake_nest
Spider:1: layout_spider_delve, nicolae_spider_orb_run, uniq_aizul
Spider:2: layout_spider_delve, portal_ice_cave_entry_dragon, uniq_arachne
Spider:3: cheibrodos_spider_deadly_dance, nicolae_spider_bug_shape
Spider:4: floodkiller_spider_rune_tomb
Orc:1:    layout_caves
Orc:2:    kennysheep_orc_mage_school, layout_diamond_mine,
          nicolae_volcano_entry_vermiform, special_room
Elf:1:    minmay_elf_arrival_summoners, layout_onion_city, serial_shops, shop,
          minmay_elf_sorcery, st_stairs_5
Elf:2:    nicolae_elf_blades_crystal_corner, layout_geoelf_octagon,
          portal_desolation_entry_nicolae_nacl, dreamdust_deal_with_the_devil
Elf:3:    grunt_elf_hall_asides, layout_gridlike, serial_shops, shop,
          minivault_15, uniq_roxanne, uniq_asterion, uniq_norris
Vaults:1: nicolae_vaults_tetromino_T_2, hangedman_vaults_restitches, v_misc_10,
          vaults_room_hallway, vaults_room_large_hall, v_alt_pattern_5,
          vaults_mumra_minichess, nicolae_vaults_closet_pinwheel_3,
          nicolae_vaults_more_shelving_2, nicolae_vaults_display_case,
          layout_vaults_omnigrid, uniq_donald
Vaults:2: st_check, minmay_crypt_entry_vampire_xt, vaults_room_stairs_pillars,
          nicolae_vaults_closet_pinwheel_1, vaults_dpeg_spiral,
          nicolae_vaults_ninety_degrees, nicolae_vaults_little_squares_5,
          nicolae_vaults_apartment_1, nicolae_vaults_tetromino_L_1,
          hangedman_vaults_corner, ontoclasm_vaults_ligature,
          nicolae_vaults_door_testing_chamber, layout_vaults_omnibox, uniq_mara
Vaults:3: nicolae_vaults_shipping_containers_3, vaults_mumra_hex,
          ontoclasm_vaults_spin, nicolae_vaults_specimen_jars,
          dpeg_vaults_monster_row, vaults_room_stairs_pillars,
          nicolae_vaults_offset_grid_hallway_2, nicolae_vaults_circle_grid_a,
          nicolae_vaults_storage_room_glass, nicolae_vaults_closet_pinwheel_1,
          v_misc_2, v_misc_27, layout_vaults_big_cross, serial_shops,
          nicolae_shop_peninsula
Vaults:4: nicolae_vaults_asterisk, nicolae_vaults_murder_corner,
          nicolae_vaults_yaktaur_gun_rack, ontoclasm_vaults_eye,
          vaults_standard_mumra_lines, ontoclasm_vaults_idyll,
          hangedman_vaults_capsules, ontoclasm_vaults_twist,
          layout_vaults_chaotic_city
Depths:1: layout_long_grid, grunt_pan_entry_zigzag, pf_coc_iceberg, abyss_entry,
          nrook_uturn, slow_altar_1
Depths:2: nooodl_heptagram, layout_gridlike, pan_entry, serial_shops,
          nicolae_shop_pleasant_corner_grove, hell_entry, abyss_entry,
          minmay_misc_feat_encased, uniq_grunn

Skill      XL: |  1  2  3  4  5  6  7  8  9 10 11 12 13 14 15 16 17 18 19 20 21 22 |
---------------+-------------------------------------------------------------------+-----
Shields        | 3 4 5 6 7 8 9 10 11 | 11.1
Unarmed Combat | 3 4 5 7 8 11 13 15 16 18 19 20 21 22 | 22.4
Fighting       | 3 4 5 6 7 8 10 12 13 14 15 16 18 20 | 20.6
Invocations    | 2 7 |  7.2
Throwing       | 5 8 |  8.4
Dodging        | 4 6 7 9 11 12 13 | 13.0
Armour         | 2 6 9 11 12 | 12.9
Shapeshifting  | 9 |  9.7

Action                     |  1- 3 |  4- 6 |  7- 9 | 10-12 | 13-15 | 16-18 | 19-21 | 22-24 || total
---------------------------+-------+-------+-------+-------+-------+-------+-------+-------++-------
  Melee: Unarmed           |   104 |   114 |   261 |   604 |  1072 |  1441 |  1431 |   309 ||  5336
  Throw: Large rock        |       |       |       |     4 |    26 |    49 |    21 |    17 ||   117
 Invoke: Heroism           |       |       |     5 |    27 |    52 |    39 |    38 |    15 ||   176
         Finesse           |       |       |       |       |     7 |     4 |     6 |       ||    17
  Evoke: Wand              |       |       |     1 |     1 |       |     1 |       |       ||     3
    Use: Scroll            |       |    12 |     3 |    12 |    11 |     4 |    13 |     1 ||    56
         Potion            |       |     1 |       |     4 |     7 |    13 |    15 |       ||    40
   Stab: Sleeping          |       |     1 |       |     2 |     3 |       |     1 |       ||     7
         Invisible         |       |       |       |     4 |       |       |       |       ||     4
         Distracted        |       |       |       |     1 |       |       |       |       ||     1
 Armour: Robe              |    50 |    34 |    99 |   241 |   499 |    88 |       |       ||  1011
         Swamp dragon scal |       |       |       |       |       |  1034 |   466 |       ||  1500
         Shadow dragon sca |       |       |       |       |       |       |   223 |   193 ||   416
  Dodge: Dodged            |    28 |    15 |    62 |   329 |   343 |   661 |   406 |    90 ||  1934
  Block: Kite shield       |    36 |    49 |   188 |   674 |   761 |  1194 |   746 |   189 ||  3837
         Reflection        |       |       |     6 |    15 |    26 |    16 |    75 |     1 ||   139

Table legend: (Time is in decaauts)
 A = Elapsed time spent in this place.
 B = Non-inter-level travel time spent in this place.
 C = Inter-level travel time spent in this place.
 D = Time resting spent in this place.
 E = Time spent auto-exploring this place.
 F = Levels seen in this place.
 G = Mean time per level.
                   A        B        C        D        E       F      G
               +--------+--------+--------+--------+--------+-----+--------+
         Total |  49840 |  45777 |   4063 |  10126 |  24982 |  44 | 1132.7 |
       Dungeon |  15233 |  13523 |   1710 |   2112 |   8779 |  15 | 1015.5 |
          Lair |   5679 |   5193 |    486 |    469 |   3621 |   5 | 1135.8 |
         Swamp |   4810 |   4602 |    208 |   1336 |   2216 |   4 | 1202.5 |
   Spider Nest |   5003 |   4648 |    355 |   1061 |   2340 |   4 | 1250.8 |
  Orcish Mines |   2035 |   1472 |    563 |    147 |    876 |   2 | 1017.5 |
   Elven Halls |   4753 |   4543 |    210 |   1474 |   1793 |   3 | 1584.3 |
        Vaults |   7754 |   7227 |    527 |   2081 |   3809 |   4 | 1938.5 |
        Depths |   2059 |   2059 |      0 |    707 |    957 |   2 | 1029.5 |
        Bailey |    159 |    159 |      0 |      0 |      0 |   1 |  159.0 |
      Ice Cave |    692 |    692 |      0 |    235 |    184 |   1 |  692.0 |
       Volcano |    644 |    644 |      0 |    447 |      5 |   1 |  644.0 |
    Desolation |    731 |    731 |      0 |     54 |    352 |   1 |  731.0 |
      Gauntlet |    281 |    281 |      0 |      0 |     48 |   1 |  281.0 |
               +--------+--------+--------+--------+--------+-----+--------+

Top non-repeatable levels by time:
Vaults:1: 2361 daAuts
Vaults:2: 2013 daAuts
   Elf:3: 1985 daAuts
Vaults:4: 1734 daAuts
   Elf:1: 1732 daAuts
Spider:4: 1695 daAuts
Vaults:3: 1645 daAuts
  Lair:5: 1609 daAuts
Spider:1: 1562 daAuts
    D:11: 1484 daAuts
    D:12: 1413 daAuts
   Orc:2: 1399 daAuts
 Swamp:3: 1380 daAuts
 Swamp:1: 1378 daAuts
  Lair:1: 1338 daAuts
